Map: Frost LE

Players

dman

  • Race: Zerg Zerg
  • League: Gold
  • Spawn Location: 1:00

Fropez - Winner!

  • Race: Protoss Protoss
  • League: Gold
  • Spawn Location: 7:00

VOD

Have the link to the VOD?

Description

Time

  • Played on: Nov. 15, 2016, 5:01 p.m.
  • Length: 10:45
Show
View Real Time Build Order
Export as new Build Order

dman Zerg 

Build Orders: Hatch First 

Get SALT Encoding   

  12  0:10  Drone x2  
  14  0:19  Overlord  
  14  0:46  Drone  
  15  0:51  Hatchery  
  15  0:53  Drone  
  15  1:01  Drone x2  
  17  1:16  Spawning Pool  
  16  1:23  Drone  
  16  1:24  Drone  
  18  1:32  Extractor  
  17  1:51  Drone  
  17  1:52  Drone x2  
  20  2:08  Drone  
  21  2:10  Drone  
  21  2:14  Roach Warren  
  21  2:16  Drone  
  22  2:29  Drone  
  23  2:36  Spine Crawler  
  22  2:38  Drone x3  
  22  2:42  Hatchery  
  24  2:54  Drone  
  24  2:55  Drone  
  26  3:04  Drone x2  
  28  3:06  Overlord  
  28  3:23  Queen x2  
  28  3:25  Overlord  
  28  3:26  Roach  
  34  3:27  Roach  
  36  3:37  Evolution Chamber  
  36  3:38  Drone  
  36  3:50  Roach x4  
  36  3:51  Overlord  
  44  3:59  Drone  
  45  4:14  Queen  
  45  4:15  Drone x2  
  45  4:16  Drone x5  
  54  4:20  Zerg Missile Weapons Level 1  
  54  4:24  Drone  
  55  4:27  Extractor  
  55  4:29  Drone x2  
  56  4:33  Queen  
  58  4:42  Overlord  
  58  4:59  Roach  
  58  5:00  Overlord  
  58  5:10  Drone x2  
  58  5:11  Drone  
  61  5:26  Hatchery  
  61  5:27  Drone  
  61  5:30  Extractor  
  61  5:31  Drone x2  
  61  5:32  Extractor, Drone  
  62  5:37  Drone  
  62  5:38  Drone x7  
  70  5:46  Hatchery  
  70  5:47  Roach x2  
  73  5:56  Overlord  
  72  6:20  Lair  
  72  6:21  Zerg Ground Armor Level 1  
  72  6:32  Burrow  
  72  6:36  Roach  
  74  6:41  Hatchery  
  69  6:48  Roach  
  69  6:49  Overlord, Roach x4  
  78  7:14  Roach  
  80  7:15  Overlord  
  80  7:20  Hydralisk Den  
  79  7:31  Drone  
  79  7:36  Spine Crawler  
  75  7:46  Roach x6  
  73  8:15  Roach  
  73  8:16  Roach x9  
  85  8:41  Roach  
  85  8:42  Overlord, Roach x3  
  93  8:56  Overlord x2  
  93  9:00  Queen x4  
  101  9:05  Ravager  
  102  9:10  Overlord  
  102  9:20  Hydralisk x3  
  108  9:40  Drone  
  109  9:55  Queen  
  111  10:20  Hydralisk x3  
  111  10:21  Hydralisk  
Show
View Real Time Build Order
Export as new Build Order

Fropez Protoss - Winner!

Build Orders:  

Get SALT Encoding   

  12  0:01  Probe (Chrono Boost)  
  13  0:12  Probe (Chrono Boost)  
  14  0:24  Pylon, Probe (Chrono Boost)  
  15  0:34  Assimilator  
  15  0:42  Probe (Chrono Boost)  
  16  0:50  Gateway  
  16  0:55  Probe (Chrono Boost), Assimilator  
  17  1:06  Probe (Chrono Boost)  
  18  1:16  Probe (Chrono Boost)  
  19  1:21  Gateway  
  19  1:30  Probe (Chrono Boost)  
  20  1:43  Cybernetics Core  
  20  1:46  Gateway  
  20  1:49  Probe (Chrono Boost)  
  21  2:00  Probe (Chrono Boost)  
  22  2:17  Pylon  
  22  2:21  Warp Gate (Chrono Boost)  
  22  2:25  Nexus  
  23  2:30  Probe (Chrono Boost)  
  23  2:42  Gateway  
  23  2:51  Mothership Core (Chrono Boost)  
  25  3:02  Adept  
  27  3:06  Adept  
  27  3:09  Probe (Chrono Boost)  
  30  3:14  Pylon  
  30  3:20  Probe (Chrono Boost)  
  31  3:32  Adept  
  31  3:34  Probe  
  34  3:40  Pylon  
  34  3:44  Gateway  
  34  3:49  Probe x2  
  36  4:06  Twilight Council  
  36  4:09  Probe  
  36  4:12  Probe  
  37  4:33  Pylon  
  37  4:35  Stalker  
  37  4:36  Pylon, Stalker  
  41  4:39  Probe  
  41  4:40  Probe  
  43  4:53  Pylon  
  43  4:54  Probe  
  43  4:55  Probe  
  43  4:58  Templar Archives  
  43  4:59  Stalker  
  47  5:08  Stalker  
  47  5:09  Stalker  
  47  5:13  Probe  
  51  5:14  Probe  
  53  5:22  Charge (Chrono Boost)  
  53  5:30  Probe  
  53  5:31  Probe  
  55  5:36  Assimilator  
  55  5:41  Assimilator  
  55  5:44  Pylon  
  55  5:50  Adept x3  
  55  5:51  Adept  
  55  5:56  Probe  
  63  5:58  Probe  
  65  6:23  Probe  
  65  6:24  Stalker x4  
  65  6:25  Probe  
  75  6:31  Nexus  
  75  6:35  Pylon  
  75  7:03  Adept x4  
  75  7:07  Probe  
  82  7:14  Gateway  
  82  7:17  Pylon, Probe  
  82  7:19  Probe  
  82  7:20  Assimilator  
  78  7:25  Stalker x4  
  86  7:31  Probe  
  86  7:33  Probe  
  74  7:54  Stalker x4  
  68  8:17  Zealot  
  68  8:18  Zealot x3  
  68  8:19  Probe x2  
  76  8:20  Probe  
  75  8:39  Probe  
  75  8:40  Probe  
  75  8:41  Probe  
  78  8:52  Forge, Gateway  
  78  8:53  Probe  
  78  8:54  Pylon, Probe  
  80  8:55  Pylon  
  80  9:00  Assimilator  
  80  9:04  High Templar x3  
  80  9:05  High Templar  
  80  9:08  Archon x2  
  88  9:17  Probe  
  88  9:18  Probe  
  90  9:24  Gateway  
  90  9:27  Pylon  
  90  9:31  Gateway  
  90  9:37  Pylon  
  88  9:39  High Templar x3  
  88  9:41  Zealot  
  88  9:44  Archon  
  96  9:54  Zealot  
  98  10:06  Zealot  
  99  10:21  Zealot x3  
  99  10:22  Zealot  
  99  10:33  Zealot  
Tags
 
League
GoldGold
Matchup
PvZ
Replay Pack
All Mines
Spawn Locations
Cross Positions
Add a new tag
Caveats
  • Supply blocks, unpowered buildings, or Contaminate may cause inaccurate times.
  • Supply counts are checked every 10 seconds.